 Dungeon Crawl Stone Soup version 0.29.1-15-g9cfb28693d (webtiles) character file.

Game seed: 10328302758647635021

2200 croobank the Trooper (level 8, -2/70 HPs)
             Began as a Demigod Conjurer on Feb 23, 2023.
             Slain by a gnoll
             ... wielding a +0 spear
             ... led by a gnoll sergeant
              (9 damage)
             ... on level 6 of the Dungeon.
             The game lasted 00:21:51 (8861 turns).

croobank the Trooper (Demigod Conjurer)             Turns: 8861, Time: 00:21:52

Health: -2/70      AC:  2    Str:  8    XL:     8   Next: 88%
Magic:  3/17       EV: 14    Int: 28    God:
Gold:   212        SH:  0    Dex: 18    Spells: 5/15 levels left

rFire   . . .      SeeInvis .   a - +4 dagger
rCold   . . .      Faith    .   (no shield)
rNeg    + . .      Spirit   .   e - +0 robe
rPois   .          Reflect  .   (no helmet)
rElec   .          Harm     .   (no cloak)
rCorr   .          Rampage  .   (no gloves)
Will    .....                   (no boots)
Stlth   +++.......              (no amulet)
HPRegen 0.21/turn               o - ring of positive energy
MPRegen 0.15/turn               q - +6 ring of dexterity

@: mighty
A: high MP 1, forlorn, divine attributes
a: no special abilities


You were on level 6 of the Dungeon.
You visited 1 branch of the dungeon, and saw 7 of its levels.
You also visited: Sewer.

You collected 248 gold pieces.
You spent 36 gold pieces at shops.

Inventory:

Hand Weapons
 a - a +4 dagger (weapon)
 b - a +0 sling
 f - a +0 trident
 j - a +0 scimitar
 s - a +0 quarterstaff
 u - a +0 hand axe
 B - a +2 whip of freezing
 D - a +4 short sword
Missiles
 p - 13 boomerangs
 C - 11 poisoned darts
Armour
 e - a +0 robe (worn)
Jewellery
 o - a ring of positive energy (left hand)
 q - a +6 ring of dexterity (right hand)
 w - a ring of fire
Wands
 k - a wand of polymorph (19)
 t - a wand of iceblast (4)
 y - a wand of flame (16)
Scrolls
 c - a scroll of immolation
 g - a scroll of noise
 h - a scroll of torment {unknown}
 m - 2 scrolls of teleportation
 v - 2 scrolls of fog
 x - a scroll of blinking
 H - a scroll of magic mapping
Potions
 d - a potion of magic
 i - a potion of flight
 l - 2 potions of heal wounds
 n - 4 potions of curing
 r - 3 potions of brilliance
 A - a potion of mutation
 E - 2 potions of invisibility
 F - 3 potions of cancellation {unknown}
 G - 4 potions of haste {unknown}
 I - a potion of resistance {unknown}


   Skills:
 * Level 5.7 Fighting
 + Level 4.6 Dodging
 + Level 4.8 Stealth
 + Level 4.2 Spellcasting
 + Level 5.6 Conjurations
 + Level 3.5 Hexes


You had 5 spell levels left.
You knew the following spells:

 Your Spells              Type           Power      Damage    Failure   Level
a - Magic Dart            Conj           100%       1d8       1%          1
b - Searing Ray           Conj           74%        2d7       1%          2
c - Dazzling Flash        Conj/Hex       62%        N/A       3%          3
d - Fulminant Prism       Conj/Hex       15%        3d11      11%         4

Your spell library contained the following spells:

 Spells                   Type           Power      Damage    Failure   Level
 Gell's Gravitas          Tloc           5%         N/A       22%         3
 Lesser Beckoning         Tloc           5%         N/A       22%         3
 Teleport Other           Tloc           5%         N/A       22%         3
 Iskenderun's Mystic Bla  Conj/Tloc      21%        2d6       22%         4
 Dispersal                Tloc           2%         N/A       100%        6


Dungeon Overview and Level Annotations

Branches:
Dungeon (7/15)              Sewer (visited)
 Temple: D:4-7

Shops:
D:2 !   D:4 =


Innate Abilities, Weirdness & Mutations

You have an increased reservoir of magic. (+10% MP)
You shall have no god before yourself.
Your divine heritage dramatically boosts your attributes as you level up.


Message History

There is a stone staircase leading up here.
You feel much better. Edmund barely misses you.
You feel very mighty all of a sudden.
Edmund hits you with a +1 antimagic flail.
You feel your power leaking away.
You closely miss Edmund.
Edmund is severely wounded.
Edmund hits you with a +1 antimagic flail!
You puncture Edmund!
Edmund is almost dead.
Edmund hits you with a +1 antimagic flail!
You puncture Edmund!
You kill Edmund!
Things that are here:
a +1 antimagic flail; a +0 leather armour of willpower; the human corpse of Edmund
Things that are here:
a +1 antimagic flail; a +0 leather armour of willpower; the human corpse of Edmund
There is a stone staircase leading up, spattered with blood here.
You climb upwards.
The gnoll barely misses you. The gnoll hits you with a +0 flail!
There is a stone staircase leading down, spattered with blood here.
A gnoll comes into view. It is wielding a +0 spear.
The gnoll hits you with a +0 spear.
You barely miss the gnoll. The gnoll hits you with a +0 flail!
The gnoll hits you with a +0 spear!
* * * LOW HITPOINT WARNING * * *
You puncture the gnoll!
You kill the gnoll!
The gnoll hits you with a +0 flail!
* * * LOW HITPOINT WARNING * * *
You puncture the gnoll!
The gnoll is severely wounded.
The gnoll closely misses you.
You puncture the gnoll!
You kill the gnoll!
There is a stone staircase leading down, spattered with blood here.
Things that are here:
a +0 flail; a gnoll corpse The gnoll hits you from afar with a +0 spear!
You die...

..#.........# .)'.....##..#
#####
..#.....##..#######......
>.#...............#......
.)#...............'......
..#...........##..#....).
..#####+##....##g.# .....
.........#........# ....
##.......#######@.# ...
.#.............#..# ..
)'.............#### .
)#.............# ..
...######......# ..[
...#....#......# .... ...#
...#......####....
...###..#................⌠...
.....#..#######.............


You could see a gnoll.

Vanquished Creatures
  Pikel (D:5)
  Edmund (D:7)
  A black bear (D:6)
  2 ogres (D:5)
  A phantom (D:6)
  A lemure (D:5)
  Blork the orc (D:6)
  7 scorpions
  A necrophage (D:6)
  2 hounds
  3 orc priests (D:5)
  4 iguanas
  2 orc wizards
  8 gnolls
  13 adders
  9 river rats (Sewer)
  A shadow imp (D:5)
  3 ufetubi (D:5)
  2 dart slugs
  12 orcs
  6 ball pythons
  13 bats
  12 endoplasms
  2 giant cockroaches
  7 goblins
  8 hobgoblins
  4 jackals (D:5)
  5 quokkas
  3 frilled lizards
  22 kobolds
  23 rats
180 creatures vanquished.

Vanquished Creatures (others)
  4 fungi (D:5)
  2 plants (D:5)
6 creatures vanquished.

Grand Total: 186 creatures vanquished

Notes
Turn   | Place    | Note
-------+----------+-------------------------------------------
     0 | D:1      | croobank the Demigod Conjurer began the quest for the Orb.
     0 | D:1      | Reached XP level 1. HP: 14/14 MP: 5/5
   208 | D:1      | Reached XP level 2. HP: 14/20 MP: 0/7
   735 | D:1      | Learned a level 2 spell: Searing Ray
  1199 | D:2      | Reached XP level 3. HP: 27/27 MP: 4/8
  1624 | D:2      | Found Gelas's Distillery.
  1632 | D:2      | Bought a potion of curing for 36 gold pieces
  1696 | D:2      | Reached skill level 1 in Fighting
  2024 | D:3      | Reached XP level 4. HP: 24/35 MP: 2/10
  3005 | D:4      | Found Woam's Jewellery Shoppe.
  3010 | D:4      | Learned a level 3 spell: Dazzling Flash
  3172 | D:4      | Reached XP level 5. HP: 24/41 MP: 4/11
  4251 | D:5      | Entered Level 5 of the Dungeon
  4312 | D:5      | Noticed an ogre
  4318 | D:5      | Killed an ogre
  4319 | D:5      | Reached skill level 1 in Hexes
  4319 | D:5      | Reached XP level 6. HP: 50/50 MP: 5/13
  4382 | D:5      | Learned a level 4 spell: Fulminant Prism
  4827 | D:5      | Found a glowing drain.
  4911 | Sewer    | Entered a sewer
  6194 | Sewer    | Reached XP level 7. HP: 57/57 MP: 5/14
  7611 | D:5      | Noticed Pikel
  7622 | D:5      | Killed Pikel
  7623 | D:5      | Reached skill level 5 in Conjurations
  7623 | D:5      | Reached XP level 8. HP: 47/67 MP: 4/16
  7650 | D:5      | Reached skill level 5 in Fighting
  8748 | D:6      | Noticed Blork the orc
  8754 | D:6      | Killed Blork the orc
  8828 | D:6      | Noticed Edmund
  8848 | D:7      | Killed Edmund
  8861 | D:6      | Slain by a gnoll

Illustrated notes

Levels and vault maps discovered:
D:1:      wander_arrival_desolate, layout_rooms, serial_glass, glass_columns_a,
          glass_columns_a
D:2:      layout_basic, shapermc_ecumenical_altar_flowoftime, serial_shops,
          shop_fountains
D:3:      layout_loops_cross, nemelex_xobeh_ov_fountains_minmay
D:4:      layout_basic, makhleb_heckhound_becter,
          chequers_temple_overflow_statue_of_worship, serial_shops, shop
D:5:      old_forge, layout_loops_ring, nzn_hepliaklqana_mist_gate,
          mainiacjoe_overflow_cross_hatched, gup_sewer_entry_bowl, uniq_pikel
D:6:      layout_gridville, temple_fountains, uniq_edmund, uniq_eustachio,
          uniq_blork_the_orc
D:7:      layout_gridville, gammafunk_ghost_smash, grunt_ogre_cave,
          uniq_crazy_yiuf_cottage

Skill      XL: |  1  2  3  4  5  6  7  8 |
---------------+-------------------------+-----
Stealth        | 2 3 4 |  4.8
Dodging        | 2 3 4 |  4.6
Spellcasting   | 2 3 4 |  4.2
Fighting       | 1 2 3 4 5 |  5.7
Conjurations   | 4 5 |  5.6
Hexes          | 1 2 3 |  3.5

Action                   |  1- 3 |  4- 6 |  7- 9 || total
-------------------------+-------+-------+-------++-------
Melee: Dagger            |    20 |    37 |    35 ||    92
       Punch             |       |     1 |     2 ||     3
 Fire: Sling             |    20 |       |       ||    20
 Cast: Magic Dart        |    55 |    57 |    26 ||   138
       Searing Ray       |    14 |    47 |    35 ||    96
       Dazzling Flash    |       |     4 |     1 ||     5
Evoke: Wand              |       |       |     3 ||     3
  Use: Scroll            |       |    11 |     7 ||    18
       Potion            |       |     3 |     3 ||     6
 Stab: Sleeping          |     1 |     3 |       ||     4
       Invisible         |       |     2 |       ||     2
Armor: Robe              |    13 |     6 |    16 ||    35
       Skin              |       |    10 |       ||    10
Dodge: Dodged            |    24 |    68 |    52 ||   144
